 Dungeon Sprint DCSS version 0.28.0-53-g5a82cb258f (webtiles) character file.

Game seed: 4807682956810928477

12051 Zeld the Executioner (level 11, -39/118 HPs)
             Began as a Minotaur Berserker on June 16, 2022.
             Was the Champion of Trog.
             Shot with a bolt by a yaktaur captain (46 damage)
             ... in the Dungeon (Sprint III: "The Ten Rune Challenge").
             The game lasted 00:05:45 (6821 turns).

Zeld the Executioner (Minotaur Berserker)           Turns: 6821, Time: 00:05:45

Health: -39/118    AC:  2    Str: 34    XL:     11   Next: 57%
Magic:  10/10      EV: 15    Int:  8    God:    Trog [******]
Gold:   2155       SH:  0    Dex:  6    Spells: 10/10 levels left

rFire   . . .      SeeInvis .   a - +4 executioner's axe (flame)
rCold   . . .      Faith    .   (shield currently unavailable)
rNeg    . . .      Spirit   .   b - +0 animal skin
rPois   +          Reflect  .   (helmet restricted)
rElec   .          Harm     .   (no cloak)
rCorr   .          Rampage  .   (no gloves)
Will    .....      NoTele   +   (no boots)
Stlth   +.........              (no amulet)
HPRegen 0.29/turn               q - ring "Ohuucid" {Fly rPois Str+8 Int+4 Dex-4}
MPRegen 0.12/turn               (no ring)

@: flying
A: horns 2, retaliatory headbutt
a: Renounce Religion, Berserk, Trog's Hand, Brothers in Arms


You were in the Dungeon.
You worshipped Trog.
Trog was exalted by your worship.
You visited 1 branch You collected 2815 gold pieces.
You spent 660 gold pieces at shops.

Inventory:

Hand Weapons
 a - a +4 executioner's axe of flaming (weapon)
 p - the +9 battleaxe "Zuiheode" {vorpal, rF+ Str+5 Dex+4}
   (Trog gifted it to you in the Dungeon)

   It inflicts extra damage upon your enemies.
   Str:       It affects your strength (+5).
   Dex:       It affects your dexterity (+4).
   rF:        It protects you from fire.
Armour
 b - a +0 animal skin (worn)
Jewellery
 q - the ring "Ohuucid" (left hand) {Fly rPois Str+8 Int+4 Dex-4}
   (You bought it in a shop in the Dungeon)

   [ring of flight]

   Str:       It affects your strength (+8).
   Int:       It affects your intelligence (+4).
   Dex:       It affects your dexterity (-4).
   rPois:     It protects you from poison.
   Fly:       It grants you flight.
Wands
 o - a wand of digging (4)
Scrolls
 h - a scroll of blinking
 j - 2 scrolls of immolation {unknown}
 k - 2 scrolls of identify {unknown}
 r - a scroll of summoning
Potions
 c - a potion of curing
 d - 2 potions of heal wounds
 e - a potion of haste
 f - 2 potions of magic
 g - a potion of berserk rage
 i - 3 potions of mutation {unknown}
 l - 3 potions of flight
 n - a potion of brilliance {unknown}
Miscellaneous
 m - a lightning rod (4/4)


   Skills:
 + Level 17.7 Fighting
 * Level 23.8 Axes
 - Level 2.4 Armour
 + Level 16.1 Dodging


You had 10 spell levels left.
You didn't know any spells.
Your spell library was empty.

Dungeon Overview and Level Annotations

Branches:
Dungeon (1/1)

Altars:
Cheibriados
Dithmenos
Elyvilon
Fedhas
Gozag
Hepliaklqana
Kikubaaqudgha
Makhleb
Nemelex Xobeh
Okawaru
Qazlal
Ru
Sif Muna
Trog
Uskayaw
Vehumet
Wu Jian
Xom
Yredelemnul
Zin
The Shining One
Beogh
Jiyva
Lugonu

Shops:
D *


Innate Abilities, Weirdness & Mutations

You have a pair of horns on your head.
You reflexively headbutt those who attack you in melee.


Message History

Things that are here:
a +0 shortbow; 20 arrows You fly up into the air.
You feel stronger.
You feel clever.
You feel clumsy.
q - the ring "Ohuucid" (left hand) {Fly rPois Str+8 Int+4 Dex-4}
Things that are here:
a +0 shortbow; 23 arrows
There is an open door here.
There is an open door, spattered with blood here.
You see here a +8 broad axe.
There is an open door, spattered with blood here.
Things that are here:
a +0 falchion of electrocution; a +0 flail The yaktaur captain shouts!
The yaktaur captain shoots a bolt.
The bolt hits you!!
Unknown command.
You start resting.
You start resting.
You start resting.
Things that are here:
a +0 falchion of electrocution; a +0 flail
There is an open door, spattered with blood here.
Things that are here:
a +0 falchion of electrocution; a +0 flail The yaktaur captain shoots a bolt.
The bolt hits you!!!
A yaktaur captain comes into view.
The yaktaur shouts!
The yaktaur captain shouts!
The yaktaur captain shoots a bolt.
The bolt hits you!!
The yaktaur captain unwields a +0 arbalest.
The yaktaur captain barely misses you.
The yaktaur shoots a bolt.
The bolt hits you!!
* * * LOW HITPOINT WARNING * * *
The yaktaur captain moves out of view.
The yaktaur shoots a bolt.
The bolt misses you.
The yaktaur captain shoots a bolt.
The bolt hits you!!
* * * LOW HITPOINT WARNING * * *
The yaktaur captain wields a +0 arbalest.
The yaktaur captain shoots a bolt.
The bolt hits you!!!
You die...

§.#.#.#)).#.#.#.#.#...≈≈≈≈#
..#...#...##.#.#.##...≈≈≈≈#
▓▓▓▓▓▓▓▓▓▓#.#.#.#.#.......#
....≈≈≈...##.#.#.##.......#
≈≈≈≈≈≈♣♣..'.#.#.#.#.......#
♣♣♣♣♣♣♣♣..##.#.#.##########
♣♣♣##)######## #)).')≈≈≈≈#
#...#)@≈≈≈# #...#.#≈≈≈#
#####)#c≈≈≈#
#.....###§§≈§≈≈ #.....#
c≈≈≈≈≈ #.....#+###≈≈≈≈
#.....#○○§#c§≈§ ##+###
#'#####§§§# #≈≈###...†.
#.....+○☼☼+ c##.#.####


You could see 2 yaktaur captains and a yaktaur.

Vanquished Creatures
  Dowan (D)
  Erica (D)
  A centaur warrior (D)
  Urug (D)
  A deep elf pyromancer (D)
  An orange crystal statue (D)
  A lindwurm (D)
  An ugly thing (D)
  2 cane toads (D)
  Duvessa (D)
  An unseen horror (D)
  A komodo dragon (D)
  A rime drake (D)
  A queen bee (D)
  4 spriggan defenders (D)
  2 tyrant leeches (D)
  2 orc high priests (D)
  A shadow (D)
  3 wandering mushrooms (D)
  A spatial vortex (D)
  3 redbacks (D)
  A swamp drake (D)
  An orc warrior (D)
  A necrophage (D)
  2 centaurs (D)
  An earth elemental (D)
  A water elemental (D)
  32 killer bees (D)
  5 orc priests (D)
  A jelly (D)
  Jessica (D)
  A necromancer (D)
  A wizard (D)
  An orc wizard (D)
  3 humans (D)
  A kobold demonologist (D)
  A phantom (D)
  13 orcs (D)
  An endoplasm (D)
  2 rats (D)
101 creatures vanquished.

Vanquished Creatures (others)
  A ballistomycete spore (D)
  15 plants (D)
16 creatures vanquished.

Grand Total: 117 creatures vanquished

Notes
Turn   | Place    | Note
-------+----------+-------------------------------------------
     0 | D        | Zeld the Minotaur Berserker began the quest for the Orb.
     0 | D        | Reached XP level 1. HP: 19/19 MP: 0/0
     7 | D        | Reached skill level 4 in Axes
    36 | D        | Noticed Jessica
    38 | D        | Killed Jessica
    38 | D        | Reached ** piety under Trog
    39 | D        | Reached skill level 5 in Fighting
    39 | D        | Reached skill level 6 in Axes
    39 | D        | Reached XP level 2. HP: 17/29 MP: 1/1
    39 | D        | Reached XP level 3. HP: 22/36 MP: 2/2
   266 | D        | Reached skill level 7 in Axes
   395 | D        | Noticed a water elemental
   400 | D        | Killed a water elemental
   400 | D        | Reached *** piety under Trog
   401 | D        | Reached skill level 8 in Axes
   401 | D        | Reached skill level 5 in Dodging
   401 | D        | Reached XP level 4. HP: 22/45 MP: 3/3
   794 | D        | Found a radiant altar of Vehumet.
   794 | D        | Found a shimmering blue altar of Sif Muna.
   794 | D        | Found an ancient bone altar of Kikubaaqudgha.
   794 | D        | Noticed a wizard
   796 | D        | Killed a wizard
   797 | D        | Reached skill level 9 in Axes
   800 | D        | Reached XP level 5. HP: 52/52 MP: 4/4
   923 | D        | Found a hide-covered altar of Uskayaw.
   923 | D        | Found an iron altar of Okawaru.
   923 | D        | Found a bloodstained altar of Trog.
   923 | D        | Found an ornate altar of the Wu Jian Council.
   923 | D        | Noticed a human
   924 | D        | Noticed a human
   932 | D        | Killed a human
   932 | D        | Reached **** piety under Trog
   933 | D        | Reached skill level 11 in Axes
   933 | D        | Reached XP level 6. HP: 56/62 MP: 5/5
   938 | D        | Killed a human
   939 | D        | Reached skill level 12 in Axes
  1048 | D        | Found a glowing silver altar of Zin.
  1048 | D        | Found a glowing golden altar of the Shining One.
  1048 | D        | Found a white marble altar of Elyvilon.
  1049 | D        | Noticed a deep elf pyromancer
  1061 | D        | Killed a deep elf pyromancer
  1062 | D        | Reached skill level 10 in Fighting
  1062 | D        | Reached skill level 14 in Axes
  1062 | D        | Reached XP level 7. HP: 31/73 MP: 6/6
  1302 | D        | Found a basalt altar of Yredelemnul.
  1302 | D        | Found a shadowy altar of Dithmenos.
  1302 | D        | Found a sacrificial altar of Ru.
  1305 | D        | Reached ***** piety under Trog
  1309 | D        | Reached skill level 15 in Axes
  1309 | D        | Reached XP level 8. HP: 82/82 MP: 7/7
  1375 | D        | Received a gift from Trog
  1376 | D        | Reached skill level 10 in Dodging
  1416 | D        | Found a blossoming altar of Fedhas.
  1416 | D        | Found a stormy altar of Qazlal.
  1416 | D        | Found a snail-covered altar of Cheibriados.
  1416 | D        | Found a burning altar of Makhleb.
  1416 | D        | Found a shimmering altar of Xom.
  1417 | D        | Found a hazy altar of Hepliaklqana.
  1417 | D        | Found an opulent altar of Gozag.
  1417 | D        | Found a sparkling altar of Nemelex Xobeh.
  1417 | D        | Found a corrupted altar of Lugonu.
  1417 | D        | Found a viscous altar of Jiyva.
  1629 | D        | Noticed Erica
  1638 | D        | Killed Erica
  1639 | D        | Reached skill level 16 in Axes
  1942 | D        | Reached skill level 17 in Axes
  1942 | D        | Reached XP level 9. HP: 60/92 MP: 8/8
  2194 | D        | Noticed a centaur warrior
  2199 | D        | Killed a centaur warrior
  2200 | D        | Reached skill level 18 in Axes
  2474 | D        | Killed an unseen horror
  2589 | D        | Noticed a wandering mushroom
  2722 | D        | Noticed a wandering mushroom
  2728 | D        | Noticed a wandering mushroom
  2853 | D        | Reached skill level 19 in Axes
  3018 | D        | Noticed a cane toad
  3018 | D        | Noticed a komodo dragon
  3018 | D        | Noticed a cane toad
  3023 | D        | Killed a cane toad
  3023 | D        | Received a gift from Trog
  3027 | D        | Killed a cane toad
  3028 | D        | Reached XP level 10. HP: 104/104 MP: 9/9
  3259 | D        | Reached skill level 20 in Axes
  3270 | D        | Reached skill level 15 in Fighting
  3794 | D        | Noticed a lindwurm
  3798 | D        | Killed a lindwurm
  3813 | D        | Reached ****** piety under Trog
  4018 | D        | Noticed Urug
  4023 | D        | Killed Urug
  4024 | D        | Reached skill level 21 in Axes
  4215 | D        | Noticed Dowan
  4215 | D        | Noticed Duvessa
  4223 | D        | Killed Duvessa
  4224 | D        | Killed Dowan
  4224 | D        | Received a gift from Trog
  4225 | D        | Reached skill level 22 in Axes
  4225 | D        | Reached XP level 11. HP: 106/114 MP: 10/10
  4630 | D        | Noticed a yaktaur captain
  4630 | D        | Noticed a yaktaur captain
  4746 | D        | Noticed an orange crystal statue
  4785 | D        | Killed an orange crystal statue
  4786 | D        | Reached skill level 15 in Dodging
  5065 | D        | Received a gift from Trog
  5386 | D        | Noticed a cyan ugly thing
  5391 | D        | Killed a cyan ugly thing
  5880 | D        | Reached skill level 23 in Axes
  5884 | D        | Received a gift from Trog
  6069 | D        | Received a gift from Trog
  6086 | D        | Received a gift from Trog
  6426 | D        | Noticed an orc high priest
  6427 | D        | Received a gift from Trog
  6434 | D        | Killed an orc high priest
  6436 | D        | Identified the +9 battleaxe "Zuiheode" {vorpal, rF+ Str+5
                  | Dex+4} (Trog gifted it to you in the Dungeon)
  6436 | D        | Received a gift from Trog
  6451 | D        | Received a gift from Trog
  6621 | D        | Found Xoohusk's General Store.
  6653 | D        | Bought the ring "Ohuucid" {Fly rPois Str+8 Int+4 Dex-4} for
                  | 546 gold pieces
  6653 | D        | Bought a scroll of summoning for 114 gold pieces
  6660 | D        | Noticed a deep elf knight
  6660 | D        | Noticed a deep elf knight
  6660 | D        | Noticed a deep elf zephyrmancer
  6660 | D        | Noticed a deep elf zephyrmancer
  6660 | D        | Noticed a deep elf knight
  6820 | D        | Noticed a yaktaur captain
  6821 | D        | Shot with a bolt by a yaktaur captain

Illustrated notes

Levels and vault maps discovered:
D:        dungeon_sprint_mu [sprint_mu_entry_forest, sprint_mu_temple_rooms,
          sprint_mu_d1_horrors, sprint_mu_d2_genie, sprint_mu_d3_branching,
          sprint_mu_orc_legion, sprint_mu_elf_gauntlet, sprint_mu_hive_nellie,
          sprint_mu_lair_fedhas, sprint_mu_vaults_butterflies,
          sprint_mu_slime_circle, sprint_mu_swamp_cave, sprint_mu_snake_twists,
          sprint_mu_blade_basic, sprint_mu_crypt_chambers,
          sprint_mu_tomb_spiral, sprint_mu_vestibule_basic,
          sprint_mu_gehenna_hellfire, sprint_mu_dis_giant,
          sprint_mu_tartarus_statrot, sprint_mu_cocytus_islands, sprint_mu_zot1]

Skill      XL: |  1  2  3  4  5  6  7  8  9 10 11 |
---------------+----------------------------------+-----
Axes           | 6 8 9 11 14 15 17 19 22 23 | 23.8
Fighting       | 5 6 7 8 10 11 12 14 16 17 | 17.7
Dodging        | 3 5 6 7 9 11 13 14 16 | 16.1
Armour         | |  2.4

Action                   |  1- 3 |  4- 6 |  7- 9 | 10-12 || total
-------------------------+-------+-------+-------+-------++-------
Melee: Hand axe          |    14 |    25 |     8 |       ||    47
       Headbutt          |     3 |     2 |     8 |    20 ||    33
       Punch             |       |     1 |       |       ||     1
       Battleaxe         |       |       |    38 |   150 ||   188
Invok: Berserk           |     3 |     2 |     4 |     7 ||    16
  Use: Potion            |       |       |       |     1 ||     1
 Stab: Sleeping          |       |       |       |     1 ||     1
Armor: Animal skin       |     1 |     1 |     2 |     5 ||     9
Dodge: Dodged            |     7 |    14 |    13 |    84 ||   118
